 Dungeon Crawl Stone Soup version 0.21.1-1-g345015f (webtiles) character file.

25 tidbits the Grave Robber (level 3, -1/25 HPs)
             Began as a Gnoll Necromancer on June 20, 2018.
             Slain by tidbits's ghost (2 damage)
             ... on level 4 of the Dungeon.
             The game lasted 00:04:18 (390 turns).

tidbits the Grave Robber (Gnoll Necromancer)         Turns: 390, Time: 00:04:18

Health: -1/25      AC:  3    Str:  7 (10) XL:     3   Next: 6%
Magic:  5/9        EV: 20    Int: 17 (18) God:
Gold:   42         SH:  0    Dex: 17 (20) Spells: 3/11 levels left

rFire    . . .     SeeInvis .   f - +3 whip (elec)
rCold    . . .     Gourm    .   (no shield)
rNeg     . . .     Faith    .   B - +0 robe
rPois    .         Spirit   .   E - +0 helmet
rElec    .         Reflect  .   (no cloak)
rCorr    .         Harm     .   (no gloves)
MR       .....                  (no boots)
Stlth    ++++......             (no amulet)
HPRegen  1.08/turn              i - ring of flight
MPRegen  0.11/turn              (no ring)

@: agile, regenerating
A: distributed training, fangs 1, strong nose
a: Evoke Flight


You were on level 4 of the Dungeon.
You were not hungry.

You visited 1 branch of the dungeon, and saw 4 of its levels.

You collected 42 gold pieces.

Inventory:

Hand Weapons
 a - a +0 dagger
 f - a +3 whip of electrocution (weapon)
   (You took it off an orc on level 3 of the Dungeon)
 g - a +0 short sword
Armour
 k - a +0 ring mail
 B - a +0 robe (worn)
 E - a +0 helmet (worn)
Jewellery
 i - a ring of flight (left hand)
   (You found it on level 2 of the Dungeon)
Scrolls
 e - a scroll of remove curse {unknown}
Books
 b - a book of Necromancy

   Spells                             Type                      Level
   a - Pain                           Necromancy                   1
   b - Animate Skeleton               Necromancy                   1
   c - Vampiric Draining              Necromancy                   3
   d - Regeneration                   Charms/Necromancy            3
   e - Animate Dead                   Necromancy                   4
   f - Borgnjor's Vile Clutch         Necromancy/Earth             5
Comestibles
 c - a ration


   Skills:
 + Level 0.5 Fighting
 + Level 0.5 Short Blades
 + Level 0.5 Long Blades
 + Level 0.5 Axes
 + Level 0.5 Maces & Flails
 + Level 0.5 Polearms
 + Level 0.5 Staves
 + Level 0.5 Slings
 + Level 0.5 Bows
 + Level 0.5 Crossbows
 + Level 0.5 Throwing
 + Level 0.5 Armour
 + Level 4.5 Dodging
 + Level 4.1 Stealth
 + Level 0.5 Shields
 + Level 0.5 Unarmed Combat
 + Level 4.9 Spellcasting
 + Level 0.4 Conjurations
 + Level 0.4 Hexes
 + Level 0.4 Charms
 + Level 0.4 Summonings
 + Level 7.0 Necromancy
 + Level 0.4 Translocations
 + Level 0.4 Transmutations
 + Level 0.4 Fire Magic
 + Level 0.4 Ice Magic
 + Level 0.4 Air Magic
 + Level 0.4 Earth Magic
 + Level 0.4 Poison Magic
 + Level 0.7 Invocations
 + Level 0.5 Evocations


You had 3 spell levels left.
You knew the following spells:

 Your Spells              Type           Power        Failure   Level  Hunger
a - Pain                  Necr           ####         1%          1    None
d - Vampiric Draining     Necr           ####......   2%          3    ###....
n - Animate Skeleton      Necr           N/A          1%          1    None
r - Regeneration          Chrm/Necr      ###.......   9%          3    ###....


Dungeon Overview and Level Annotations

Branches:
Dungeon (4/15)
 Temple: D:4-7

Altars:
Xom

Annotations:
D:3 emiel's ghost, amateur OpFi
D:4 tidbits's ghost, amateur GnSk


Innate Abilities, Weirdness & Mutations

Your experience applies equally to all skills.
You have very sharp teeth.
Your uncanny sense of smell can sniff out nearby items.


Message History

The gnoll shouts!
A hobgoblin and a gnoll come into view.
Found a ration.
Found a stone staircase leading down.
There is a stone staircase leading down here.
You climb downwards.
There is a stone staircase leading up here.
Unknown command.
Found a shimmering altar of Xom.
Your extra speed is starting to run out.
Found a yellow potion and 8 gold pieces.
Casting: Pain
Confirm with . or Enter, or press ? or * to list all spells.
You don't know that spell.
You see here a yellow potion.
d - a yellow potion You feel yourself slow down.
Memorise Regeneration, consuming 3 spell levels and leaving 6?
You start memorising the spell.
You continue memorising. x3
You finish memorising.
Spell assigned to 'r'.
Casting: Pain
Confirm with . or Enter, or press ? or * to list all spells.
You miscast Regeneration.
Waves of light ripple over your body.
Memorise Vampiric Draining, consuming 3 spell levels and leaving 3?
You start memorising the spell.
You continue memorising. x3
You finish memorising.
Spell assigned to 'd'.
You see here 8 gold pieces.
You now have 42 gold pieces (gained 8).
Your magical contamination has completely faded away.
Unknown command.
Casting: Regeneration
Confirm with . or Enter, or press ? or * to list all spells.
Your skin crawls.
Unknown command.
Found a scroll labeled WOEKOL PAROGGAB.
Your skin is crawling a little less now.
You see here a scroll labeled WOEKOL PAROGGAB.
e - a scroll labeled WOEKOL PAROGGAB Your skin stops crawling.
There are no items here.
You open the door.
A quokka comes into view.
There is an open door here.
Unknown command.
The helpless quokka fails to defend itself.
You hit the quokka. Lightning courses through the quokka!
You kill the quokka!
Tidbits's ghost (amateur Gnoll Skald) comes into view.
It is wielding a weapon of flaming.
It was a potion of agility.
You feel agile all of a sudden. What are your orders? t - Bark!
Orders for allies: a - Attack new target. r - Retreat! s - Stop attacking. g - Guard the area. f - Follow me.
Anything else - Cancel.
You bark for attention!
Tidbits's ghost turns its malevolent gaze towards you.
Okay, then.
Unknown command.
You barely miss tidbits's ghost. Tidbits's ghost hits you.
Tidbits's ghost burns you.
You hit tidbits's ghost.
Tidbits's ghost is lightly damaged.
Tidbits's ghost misses you.
You hit tidbits's ghost.
Tidbits's ghost is lightly damaged.
Tidbits's ghost gestures wildly while chanting.
Space distorts along a thin shroud covering tidbits's ghost's form.
You hit tidbits's ghost.
Lightning courses through tidbits's ghost!
Tidbits's ghost is heavily damaged.
Tidbits's ghost barely misses you.
You hit tidbits's ghost but do no damage.
Tidbits's ghost is heavily damaged.
Tidbits's ghost hits you.
* * * LOW HITPOINT WARNING * * *
Tidbits's ghost burns you.
* * * LOW HITPOINT WARNING * * *
You closely miss tidbits's ghost.
Tidbits's ghost is heavily damaged.
Tidbits's ghost hits you!
* * * LOW HITPOINT WARNING * * *
Tidbits's ghost burns you.
* * * LOW HITPOINT WARNING * * *
You hit tidbits's ghost but do no damage.
Tidbits's ghost is heavily damaged.
Tidbits's ghost completely misses you.
Casting: Regeneration
Confirm with . or Enter, or press ? or * to list all spells.
Your skin crawls.
Tidbits's ghost barely misses you.
Tidbits's ghost's shroud bends your attack away.
Tidbits's ghost barely misses you.
You hit tidbits's ghost.
Tidbits's ghost is heavily damaged.
Tidbits's ghost hits you.
* * * LOW HITPOINT WARNING * * *
Tidbits's ghost burns you.
You die...

∆ ∆
#########
#.....W..
#########W##
#.........@#
#..........#
#..........#
#..........#
###........#
#........#
#........#
#........#
#........#


You could see tidbits's ghost.

Vanquished Creatures
  4 orcs (D:3)
  A giant cockroach (D:1)
  4 goblins
  A hobgoblin (D:3)
  3 jackals (D:2)
  2 kobolds
  A quokka (D:4)
  2 frilled lizards
  2 rats (D:1)
20 creatures vanquished.

Notes
Turn   | Place    | Note
-------+----------+-------------------------------------------
     0 | D:1      | tidbits the Gnoll Necromancer began the quest for the Orb.
     0 | D:1      | Reached XP level 1. HP: 13/13 MP: 6/6
    81 | D:1      | Reached XP level 2. HP: 10/19 MP: 3/7
    84 | D:1      | Learned a level 1 spell: Animate Skeleton
   226 | D:3      | HP: 1/20 [kobold/short sword (3)]
   243 | D:3      | Reached XP level 3. HP: 2/25 MP: 0/9
   261 | D:3      | Noticed emiel's ghost (amateur OpFi)
   281 | D:4      | Found a shimmering altar of Xom.
   296 | D:4      | Learned a level 3 spell: Regeneration
   301 | D:4      | Learned a level 3 spell: Vampiric Draining
   374 | D:4      | Noticed tidbits's ghost (amateur GnSk)
   386 | D:4      | HP: 2/25 [tidbits's ghost (1)]
   390 | D:4      | Slain by tidbits's ghost

Action                   || total
-------------------------++-------
Melee: Dagger            ||    15
       Bite              ||     1
       Whip              ||    10
 Cast: Pain              ||    24
       Regeneration      ||     2
  Use: Potion            ||     4
       Scroll            ||     1
 Stab: Invisible         ||     2
       Sleeping          ||     2
Armor: Robe              ||     3
Dodge: Dodged            ||    20

Table legend:
 A = Turns spent in this place as a percentage of turns spent in the entire game.
 B = Non-inter-level travel turns spent in this place as a percentage of non-inter-level travel turns spent in the entire game.
 C = Inter-level travel turns spent in this place as a percentage of turns spent in this place.
 D = Turns resting spent in this place as a percentage of non-inter-level travel turns spent in this place.
 E = Turns spent auto-exploring this place as a percentage of non-inter-level travel turns spent in this place.
 F = Non-inter-level travel turns spent in this place divided by the number of levels of this place that you've seen.
                   A       B       C       D       E      F
               +-------+-------+-------+-------+-------+----------------------
         Total | 100.0 | 100.0 |   0.0 |   0.0 |   0.0 |  97.5
       Dungeon | 100.0 | 100.0 |   0.0 |   0.0 |   0.0 |  97.5
               +-------+-------+-------+-------+-------+----------------------

Table legend:
 A = Kills in this place as a percentage of kills in entire the game.
 B = Kills by you in this place as a percentage of kills by you in the entire game.
 C = Kills by friends in this place as a percentage of kills by friends in the entire game.
 D = Other kills in this place as a percentage of other kills in the entire game.
 E = Experience gained in this place as a percentage of experience gained in the entire game.
 F = Experience gained in this place divided by the number of levels of this place that you have seen.
                   A       B       C       D       E      F
               +-------+-------+-------+-------+-------+----------------------
         Total | 100.0 | 100.0 |   N/A |   N/A | 100.0 |   9.2
       Dungeon | 100.0 | 100.0 |   N/A |   N/A | 100.0 |   9.2
               +-------+-------+-------+-------+-------+----------------------

Vault maps used:
D:1:      eino_arrival_druids_welcome
D:2:      chequers_ecumenical_altar_simple_redux, uniq_sigmund
D:3:      cheibrodos_greedy_goblins, grunt_gozag_breadcrumbs, uniq_terence
D:4:      nicolae_overflow_crystal_walls
